Map: Néo-Gettysburg EC

Players

zidar - Winner!

  • Race: Zerg Zerg
  • League: Platinum
  • Spawn Location: 5:00

RedsKillers

  • Race: Zerg Zerg
  • League: Gold
  • Spawn Location: 7:00

VOD

Have the link to the VOD?

Description

Time

  • Played on: Oct. 19, 2016, 3:18 p.m.
  • Length: 5:24
Show
View Real Time Build Order
Export as new Build Order

zidar Zerg - Winner!

Build Orders: 1 Base Baneling Bust, Pool Only 

Get SALT Encoding   

  12  0:01  Drone  
  13  0:10  Drone  
  14  0:14  Extractor  
  14  0:16  Drone  
  14  0:36  Spawning Pool  
  14  0:41  Drone  
  14  0:51  Overlord  
  14  1:01  Overlord  
  14  1:23  Queen  
  14  1:25  Zergling x4  
  18  1:32  Metabolic Boost  
  18  1:38  Zergling x2  
  19  2:03  Zergling x2  
  19  2:04  Zergling x4  
  22  2:14  Drone  
  22  2:15  Baneling Nest  
  22  2:49  Zergling x8  
  24  3:02  Baneling  
  24  3:03  Baneling  
  24  3:15  Zergling x2  
  24  3:16  Zergling x2  
  24  3:19  Zergling x2  
  29  3:20  Zergling x4  
  29  3:26  Baneling  
  24  3:57  Zergling x10  
  26  4:08  Baneling x2  
  25  4:17  Zergling x4  
  25  4:32  Zergling x2  
  24  4:52  Baneling  
Show
View Real Time Build Order
Export as new Build Order

RedsKillers Zerg 

Build Orders: Pool First 

Get SALT Encoding   

  12  0:01  Drone  
  13  0:14  Overlord  
  13  0:19  Drone  
  14  0:32  Drone x2  
  16  0:36  Drone  
  17  0:52  Drone  
  17  0:53  Spawning Pool  
  17  1:14  Hatchery  
  17  1:17  Drone  
  17  1:22  Extractor  
  17  1:23  Drone  
  17  1:25  Drone  
  18  1:32  Overlord  
  18  1:54  Spine Crawler  
  18  1:56  Zergling x4  
  18  2:00  Queen  
  21  2:03  Zergling x2  
  22  2:13  Zergling x2  
  23  2:24  Zergling x2  
  24  2:30  Queen  
  24  2:32  Zergling x2  
  24  2:35  Zergling x2  
  28  2:48  Overlord  
  28  2:49  Overlord  
  28  3:05  Overlord  
  27  3:15  Metabolic Boost  
  27  3:25  Baneling Nest  
  20  3:48  Zergling x2  
  20  3:49  Zergling x12  
  22  4:06  Drone x4  
  22  4:07  Drone  
  22  4:28  Drone x4  
  24  4:50  Zergling x12  
  24  4:51  Zergling x2  
Tags
 
Add a new tag
Caveats
  • Supply blocks, unpowered buildings, or Contaminate may cause inaccurate times.
  • Supply counts are checked every 10 seconds.